 Dungeon Crawl Stone Soup version 0.23.2-1-ga50397a6bc (webtiles) character file.

Game seed: 8588562145266069239

79 Mrkan the Ruffian (level 4, -3/44 HPs)
             Began as a Troll Monk on May 21, 2019.
             Slain by a hippogriff (9 damage)
             ... on level 2 of the Dungeon.
             The game lasted 00:02:17 (895 turns).

Mrkan the Ruffian (Troll Monk)                       Turns: 895, Time: 00:02:17

Health: -3/44      AC:  6    Str: 19    XL:     4   Next: 17%
Magic:  3/3        EV: 10    Int:  6    God:
Gold:   102        SH:  0    Dex: 13    Spells: 3/3 levels left

rFire    . . .     SeeInvis .     - Unarmed
rCold    . . .     Gourm    +   (no shield)
rNeg     . . .     Faith    .   a - +0 robe
rPois    .         Spirit   .   (helmet restricted)
rElec    .         Reflect  .   (no cloak)
rCorr    .         Harm     .   (gloves unavailable)
MR       .....                  (boots unavailable)
Stlth    ++........             (no amulet)
HPRegen  0.54/turn              (no ring)
MPRegen  0.08/turn              (no ring)

@: no status effects
A: large, unfitting armour, claws 3, fast metabolism 3, gourmand, regeneration
1, shaggy fur 1, tough skin 3
a: no special abilities


You were on level 2 of the Dungeon.
You were completely stuffed.

You visited 1 branch of the dungeon, and saw 2 of its levels.

You collected 102 gold pieces.

Inventory:

Armour
 a - a +0 robe (worn)
Scrolls
 c - 2 scrolls of teleportation {unknown}
 d - a scroll of remove curse {unknown}
 f - a scroll of identify {unknown}
 g - a scroll of blinking {unknown}
Potions
 e - a potion of flight {unknown}
 h - a potion of resistance {unknown}
 i - a potion of agility {unknown}
 k - a potion of invisibility {unknown}
 l - a potion of heal wounds {unknown}
 m - a potion of cancellation {unknown}
Comestibles
 b - 5 rations
 j - 6 chunks of flesh


   Skills:
 - Level 2.4 Fighting
 - Level 2.4 Dodging
 - Level 1.0 Stealth
 * Level 5.1 Unarmed Combat


You had 3 spell levels left.
You didn't know any spells.
Your spell library was empty.

Dungeon Overview and Level Annotations

Branches:
Dungeon (2/15)

Altars:


Innate Abilities, Weirdness & Mutations

You are too large for most types of armour.
You have claws for hands.
Your metabolism is lightning-fast.
You like to eat raw meat.
Your natural rate of healing is unusually fast.
You are covered in fur. (AC +1)
You have extremely tough skin. (AC +3)


Message History

You scratch the hippogriff. You claw the hippogriff.
The hippogriff is severely wounded.
The hippogriff bites you! The hippogriff pecks you!
* * * LOW HITPOINT WARNING * * *
The hippogriff claws you.
* * * LOW HITPOINT WARNING * * *
You claw the hippogriff!
The hippogriff is almost dead.
The hippogriff closely misses you.
The hippogriff pecks you but does no damage.
The hippogriff barely misses you.
You closely miss the hippogriff.
The hippogriff is almost dead.
The hippogriff bites you but does no damage.
The hippogriff pecks you but does no damage.
The hippogriff claws you but does no damage.
You scratch the hippogriff.
The hippogriff is almost dead.
The hippogriff bites you!
You die...

.......รท..# #.#
#.......###.#.# #.#
#.......# #.#.######.###
#.......# #.#..........#
#.......# #.########.#.#
#.......# #.####.....#.#
#..$....# #..........#.#
#.$.....########.###.#.#
#.......H@.....#...#.#.#
#.......######.#.....#.#
...#.#### #.#######[# #
# #.........#
###########


You could see a hippogriff.

Vanquished Creatures
  2 adders (D:2)
  A worm (D:2)
  A dart slug (D:1)
  4 leopard geckos
  3 giant cockroaches
  5 goblins
  5 hobgoblins
  9 jackals
  A quokka (D:2)
  A ball python (D:1)
  7 bats
  7 frilled lizards
  3 kobolds (D:1)
  3 rats
52 creatures vanquished.

Notes
Turn   | Place    | Note
-------+----------+-------------------------------------------
     0 | D:1      | Mrkan the Troll Monk began the quest for the Orb.
     0 | D:1      | Reached XP level 1. HP: 22/22 MP: 0/0
    68 | D:1      | Reached XP level 2. HP: 29/29 MP: 1/1
   156 | D:1      | Reached skill level 4 in Unarmed Combat
   426 | D:2      | Reached XP level 3. HP: 30/36 MP: 2/2
   804 | D:2      | Reached skill level 5 in Unarmed Combat
   804 | D:2      | Reached XP level 4. HP: 44/44 MP: 3/3
   879 | D:2      | Noticed a hippogriff
   895 | D:2      | Slain by a hippogriff

Skill      XL: |  1  2  3 |
---------------+----------+-----
Unarmed Combat | 4 5 |  5.1
Fighting       | |  2.4
Dodging        | |  2.4
Stealth        | |  1.0

Action                   |  1- 3 |  4- 6 || total
-------------------------+-------+-------++-------
Melee: Unarmed           |    99 |    21 ||   120
       Punch             |     1 |     2 ||     3
  Eat: Chunk             |    13 |     1 ||    14
Armor: Robe              |    37 |    26 ||    63
Dodge: Dodged            |    44 |    15 ||    59
